 Dungeon Crawl Stone Soup version 0.18-b1-22-ge198996 (webtiles) character file.

141617 manyhoops the Brawler (level 16, -11/162 HPs)
             Began as a Troll Hunter on May 4, 2016.
             Was a High Priest of Okawaru.
             Killed from afar by a salamander stormcaller (36 damage)
             ... with a great blast of fire
             ... on level 14 of the Dungeon.
             The game lasted 01:26:10 (26912 turns).

manyhoops the Brawler (Troll Hunter)               Turns: 26912, Time: 01:26:10

Health: -11/162    AC: 16    Str: 33    XL:     16   Next: 78%
Magic:  25/29      EV: 18    Int: 19    God:    Okawaru [*****.]
Gold:   1319       SH:  0    Dex: 14    Spells: 0 memorised, 15 levels left

rFire  . . .     SeeInvis .       - Unarmed
rCold  + + .     Gourm    +     i - +4 robe of Augmentation {Str+4 Int+4 Dex+4}
rNeg   . . .     Faith    .     (no shield)
rPois  .         Spirit   .     O - +3 hat of Pondering {ponderous, MR+ MP+10 Int+5}
rElec  .         Dismiss  .     P - +2 cloak
rCorr  .         Reflect  .     (gloves unavailable)
SustAt .         Harm     .     (boots unavailable)
MR     +++..                    (no amulet)
Stlth  ++........               f - +3 ring of intelligence
                                W - ring of protection from magic

@: heroism, finesse, slow, extremely resistant to hostile enchantments,
unstealthy
A: unfitting armour, claws 3, cold resistance 2, fast metabolism 3, gourmand,
regeneration 2, shaggy fur 1, tough skin 2, subdued magic 1
a: Heroism, Finesse, Renounce Religion


You were on level 14 of the Dungeon.
You worshipped Okawaru.
Okawaru was extremely pleased with you.
You were very full.

You visited 3 branches of the dungeon, and saw 24 of its levels.
You also visited: Labyrinth, Sewer and Ice Cave.

You collected 2024 gold pieces.
You spent 705 gold pieces at shops.

Inventory:

Missiles
 c - 17 large rocks (quivered)
 d - 6 throwing nets
 X - 8 silver javelins
Armour
 i - the +4 robe of Augmentation (worn) {Str+4 Int+4 Dex+4}
   (You found it on level 11 of the Dungeon)

   It affects your strength (+4).
   It affects your intelligence (+4).
   It affects your dexterity (+4).
 H - a steam dragon hide
 J - the +1 cloak "Riefadiw" {rN++}
   (You found it on level 8 of the Lair of Beasts)

   It greatly protects you from negative energy.
 O - the +3 hat of Pondering (worn) {ponderous, MR+ MP+10 Int+5}
   (You found it in a labyrinth)

   It affects your intelligence (+5).
   It affects your resistance to hostile enchantments.
   It affects your magic capacity (+10).
 P - a +2 cloak (worn)
Jewellery
 f - a +3 ring of intelligence (right claw)
 h - an uncursed ring of see invisible
 o - an uncursed ring of stealth
 W - a ring of protection from magic (left claw)
Wands
 r - a wand of iceblast (9/15)
 F - a wand of flame (14/48)
 I - a wand of teleportation (0/9)
 N - a wand of disintegration (9/24)
 T - a wand of teleportation (7/9)
 U - a wand of iceblast (4/15)
 V - a wand of lightning (9/15)
 Y - a wand of paralysis (10/24)
Scrolls
 a - 4 scrolls of recharging
 e - 6 scrolls of fear
 g - 8 scrolls of remove curse
 m - 2 scrolls of immolation
 u - a scroll of fog
 y - a scroll of vulnerability
 z - 2 scrolls of blinking
 A - a scroll of noise
 D - a scroll of magic mapping
 G - 7 scrolls of teleportation
 M - a scroll of silence
 R - 3 scrolls of identify
Potions
 b - a potion of heal wounds
 l - 5 potions of brilliance
 n - 2 potions of haste
 p - a potion of invisibility
 s - a potion of cure mutation
 t - 5 potions of flight
 v - a potion of cancellation
 w - 3 potions of agility
 x - 11 potions of curing
 B - a potion of resistance
 K - 3 potions of lignification
 Q - 4 potions of might
Miscellaneous
 S - a box of beasts
 Z - a stone of tremors
Comestibles
 j - 11 meat rations
 k - 2 bread rations
 q - a royal jelly
 E - 3 fruits
 L - 18 beef jerkies


   Skills:
 + Level 11.2(16.2) Fighting
 - Level 11.7(16.7) Throwing
 + Level 5.6(10.6) Armour
 - Level 8.8(13.8) Dodging
 - Level 0.4(5.4) Stealth
   Level 6.6(11.6) Shields
 + Level 17.6(22.6) Unarmed Combat
 - Level 6.5 Invocations


You had 15 spell levels left.
You didn't know any spells.

Dungeon Overview and Level Annotations

Branches:
Dungeon (14/15)            Temple (0/1) D:5            Lair (8/8) D:9
 Shoals (0/4) Lair:4       Spider (0/4) Lair:3        Slime (0/6) Lair:8
    Orc (2/2) D:10            Elf (0/3) Orc:2        Vaults (0/5) D:13

Altars:
Elyvilon
Gozag
Makhleb
Nemelex Xobeh
Okawaru
Pakellas
Qazlal
Sif Muna
Jiyva

Shops:
D:5 [   D:7 !   D:12 %   Orc:2 *!??!


Innate Abilities, Weirdness & Mutations

You are too large for most types of armour.
You have claws for hands.
Your metabolism is lightning-fast.
You like to eat raw meat.
You heal very quickly.
You are covered in fur (AC +1).
You have very tough skin (AC +2).
Your flesh is very cold resistant.
Your spells are a little easier to cast, but a little less powerful.


Message History

You kill the salamander!
Okawaru accepts your kill.
The salamander hits you but does no damage.
The salamander stormcaller hits you with a glaive!
* * * LOW HITPOINT WARNING * * *
You are engulfed in flames!!
* * * LOW HITPOINT WARNING * * *
Items here: (( ) † an enchanted trident; 5 large rocks; an arrow; a cyclops corpse You closely miss the salamander stormcaller.
You eviscerate the salamander stormcaller!!!
The salamander stormcaller is severely wounded.
The salamander hits you from afar with a spear.
* * * LOW HITPOINT WARNING * * *
You are engulfed in flames!
* * * LOW HITPOINT WARNING * * *
You feel much better.
The salamander stormcaller casts a spell at you.
A raging storm of fire appears!
The great blast of fire engulfs you!
You die...

.÷...#
.†...#
..........$#
.....###
..........#
.......#
.........
.....#.#
.......
.....# ..
(...> .....#
# (N. ###.##
#N# ....#
#@# .####
#)# ######
#.# ...>.#
#(# .....#
#(# .....#
#.# ..(..#
#.# †....#
#.# ))..<#
#.#


You could see a salamander stormcaller and a salamander.

Vanquished Creatures
  Rupert (Lair:2)
  Frances (D:14)
  Gastronok (D:9)
  A frost giant (IceCv)
  A stone giant (Orc:2)
  4 vault guards (D:13)
  A minotaur (Lab)
  Josephine (D:10)
  A great orb of eyes (D:13)
  Erolcha (D:13)
  2 catoblepae
  Erica (Lair:1)
  8 hydras
  A death knight (D:13)
  3 centaur warriors
  The ghost of namelastname112 the Destroyer, a novice DrWz (D:9)
  20 death yaks
  A tengu warrior (D:13)
  4 orc high priests (Orc:2)
  Urug (D:14)
  A fire crab (Lair:8)
  3 skeletal warriors (D:14)
  4 hill giants
  An orc knight (Orc:1)
  2 orc sorcerers
  The ghost of ilikecats the Artisan of Death, a novice DDNe of Kikubaaqudgha (D:6)
  A cyclops (D:14)
  7 ugly things
  An oklob plant (D:7)
  2 manticores (D:14)
  2 salamanders (D:14)
  3 griffons
  10 elephants (Lair:4)
  3 centaur zombies
  3 black mambas
  A torpor snail (Lair:7)
  2 centaur skeletons
  13 spiny frogs
  A rime drake (Lair:6)
  14 komodo dragons
  A freezing wraith (D:14)
  5 trolls
  25 polar bears
  A two-headed ogre (D:13)
  Grinder (D:4)
  A jumping spider (Lair:3)
  26 blink frogs
  2 raiju (Lair:8)
  5 slime creatures (D:12)
  2 boulder beetles
  The ghost of Guinours the Digger, an amateur GrEE of Vehumet (D:5)
  A vampire (D:14)
  3 shadows
  4 basilisks
  3 spriggans
  5 wyverns
  68 yaks
  6 wraiths
  A steam dragon (Lair:7)
  5 hippogriffs
  A vampire mosquito (D:12)
  2 hungry ghosts
  A mottled dragon (D:13)
  12 wargs
  6 hell hounds
  10 water moccasins
  6 porcupines
  3 phantoms
  An eye of draining (D:11)
  3 ice beasts
  18 black bears
  A black bear (shapeshifter) (D:14)
  24 orc warriors
  A sky beast (D:8)
  An eye of draining (shapeshifter) (D:12)
  16 centaurs
  A necrophage (D:6)
  3 ogres
  40 wolves
  19 crocodiles
  4 big kobolds
  19 giant frogs
  A gnoll sergeant (D:10)
  A wyvern zombie (D:8)
  5 scorpions
  19 killer bees
  A wight (D:7)
  6 howler monkeys
  2 wasp zombies
  10 crimson imps
  3 giant frog zombies
  A quasit (D:14)
  9 jellies
  32 orc priests
  21 hounds
  35 orc wizards
  Jessica (D:2)
  8 iguanas
  8 worker ants
  15 sheep
  A hound skeleton (D:4)
  2 worker ant zombies
  6 gnolls
  12 adders
  44 river rats
  A shadow imp (D:5)
  12 white imps (Lair:5)
  18 oozes
  An adder skeleton (D:5)
  2 worms
  A dart slug (D:1)
  14 giant geckos
  78 orcs
  9 ball pythons
  9 bats
  9 giant cockroaches
  7 goblins
  11 hobgoblins
  8 jackals
  24 kobolds
  8 quokkas
  2 giant gecko skeletons
  9 giant newts
  2 quokka skeletons
  4 rats
  A fungus (D:7)
  2 plants (Lair:8)
963 creatures vanquished.

Vanquished Creatures (others)
  3 yaks (IceCv)
  A water moccasin (Lair:1)
  A jackal (Lair:8)
  15 fungi
  11 plants
31 creatures vanquished.

Grand Total: 994 creatures vanquished

Notes
Turn   | Place    | Note
--------------------------------------------------------------
     0 | D:1      | manyhoops the Troll Hunter began the quest for the Orb.
     0 | D:1      | Reached XP level 1. HP: 19/19 MP: 0/0
   115 | D:1      | Reached skill level 1 in Unarmed Combat
   115 | D:1      | Reached XP level 2. HP: 23/27 MP: 1/1
   845 | D:2      | Noticed Jessica
   864 | D:2      | Killed Jessica
   864 | D:2      | Reached XP level 3. HP: 35/35 MP: 2/2
   964 | D:2      | Found a burning altar of Makhleb.
  1077 | D:2      | Found a faded altar to an unknown god.
  1143 | D:2      | Reached XP level 4. HP: 42/42 MP: 3/3
  1343 | D:2      | Found an oddly glowing altar of Pakellas.
  1408 | D:2      | Found an opulent altar of Gozag.
  1540 | D:3      | Reached skill level 2 in Unarmed Combat
  1772 | D:3      | Found an iron altar of Okawaru.
  1857 | D:3      | Became a worshipper of Warmaster Okawaru
  1955 | D:3      | Reached XP level 5. HP: 48/49 MP: 4/4
  2461 | D:4      | Reached skill level 3 in Unarmed Combat
  2539 | D:4      | Noticed an orc warrior
  2547 | D:4      | Killed an orc warrior
  2547 | D:4      | Reached XP level 6. HP: 35/59 MP: 5/5
  2705 | D:4      | Noticed Grinder
  2707 | D:4      | Paralysed by Grinder for 3 turns
  2719 | D:4      | Killed Grinder
  2719 | D:4      | Reached * piety under Okawaru
  2719 | D:4      | Reached skill level 4 in Unarmed Combat
  2719 | D:4      | Reached XP level 7. HP: 57/66 MP: 6/6
  2903 | D:4      | Found a glowing drain.
  2924 | Sewer    | Entered a sewer
  3084 | Sewer    | Reached skill level 5 in Unarmed Combat
  3319 | D:5      | Entered Level 5 of the Dungeon
  3504 | D:5      | Noticed Guinours's ghost (amateur GrEE)
  3514 | D:5      | Reached ** piety under Okawaru
  3525 | D:5      | Killed Guinours's ghost
  3525 | D:5      | Reached skill level 6 in Unarmed Combat
  3525 | D:5      | Reached XP level 8. HP: 74/75 MP: 7/7
  3647 | D:5      | Found Syfrae's Antique Armour Boutique.
  3775 | D:5      | Found a staircase to the Ecumenical Temple.
  4074 | D:6      | Reached skill level 5 in Dodging
  4151 | D:6      | Reached *** piety under Okawaru
  4151 | D:6      | Reached skill level 7 in Unarmed Combat
  4265 | D:6      | Noticed ilikecats's ghost (novice DDNe)
  4293 | D:6      | Killed ilikecats's ghost
  4293 | D:6      | Reached skill level 1 in Invocations
  4672 | D:6      | Reached XP level 9. HP: 22/83 MP: 6/9
  5025 | D:7      | Found a stormy altar of Qazlal.
  5144 | D:7      | Reached skill level 8 in Unarmed Combat
  5148 | D:7      | Received a gift from Okawaru
  5359 | D:7      | HP: 4/84 [orc wizard/puff of flame (10)]
  5769 | D:7      | Noticed an oklob plant
  5804 | D:7      | Reached **** piety under Okawaru
  5889 | D:7      | Killed an oklob plant
  5889 | D:7      | Reached skill level 5 in Fighting
  5889 | D:7      | Reached skill level 9 in Unarmed Combat
  6298 | D:7      | Found Nankofid's Distillery.
  6301 | D:7      | Bought a potion of curing for 45 gold pieces
  6301 | D:7      | Bought a potion of heal wounds for 75 gold pieces
  6349 | D:7      | Reached XP level 10. HP: 78/95 MP: 11/11
  6765 | D:8      | Found a sparkling altar of Nemelex Xobeh.
  7454 | D:9      | Noticed namelastname112's ghost (novice DrWz)
  7523 | D:9      | Found a staircase to the Lair.
  7584 | D:8      | Reached skill level 10 in Unarmed Combat
  7749 | D:9      | Reached ***** piety under Okawaru
  8000 | D:10     | Entered Level 10 of the Dungeon
  8020 | D:10     | Found a staircase to the Orcish Mines.
  8277 | D:10     | Noticed Josephine
  8303 | D:10     | Received a gift from Okawaru
  8440 | Orc:1    | Entered Level 1 of the Orcish Mines
  8606 | D:10     | HP: 4/97 [poisoned by a killer bee]
  9070 | D:9      | Found a white marble altar of Elyvilon.
  9114 | D:9      | Found a deep blue altar of Sif Muna.
  9174 | D:9      | Killed namelastname112's ghost
  9174 | D:9      | Received a gift from Okawaru
  9174 | D:9      | Reached XP level 11. HP: 78/105 MP: 11/13
  9221 | Lair:1   | Entered Level 1 of the Lair of Beasts
  9265 | D:9      | Reached skill level 5 in Invocations
  9527 | D:8      | Reached skill level 11 in Unarmed Combat
  9605 | D:9      | Noticed Gastronok
  9626 | D:9      | Killed Gastronok
 10127 | D:10     | Killed Josephine
 10127 | D:10     | Reached ****** piety under Okawaru
 10183 | Orc:1    | Received a gift from Okawaru
 10186 | Orc:1    | Got a warped shield {god gift}
 10193 | Orc:1    | Identified the +3 shield of Lyboy {rF+} (Okawaru gifted it to you on level 1 of the Orcish Mines)
 10440 | Orc:2    | Entered Level 2 of the Orcish Mines
 10440 | Orc:2    | Found a staircase to the Elven Halls.
 10442 | Orc:2    | Noticed an orc knight
 10443 | Orc:2    | Noticed a stone giant
 10446 | Orc:2    | HP: 1/107 [stone giant/large rock (36)]
 10836 | Orc:1    | Reached skill level 13 in Unarmed Combat
 10836 | Orc:1    | Reached XP level 12. HP: 103/115 MP: 15/15
 10837 | Orc:1    | Reached XP level 13. HP: 111/123 MP: 16/16
 11128 | Orc:1    | Reached skill level 14 in Unarmed Combat
 11236 | D:11     | Reached skill level 1 in Armour
 12127 | D:12     | Found Loteras's Food Shop.
 12255 | D:12     | Reached XP level 14. HP: 125/133 MP: 15/17
 12572 | D:12     | Reached skill level 5 in Armour
 12867 | D:12     | Received a gift from Okawaru
 12870 | D:12     | Got a translucent spear {god gift}
 12871 | D:12     | Identified the +1 spear "Bufoezor" {drain, rF- rN++ Str+3 SInv} (Okawaru gifted it to you on level 12 of the Dungeon)
 13022 | D:13     | Found a gate to the Vaults.
 13409 | D:13     | Found a labyrinth entrance.
 13425 | Lab      | Entered a labyrinth
 13773 | Lab      | Identified the Almanac of Unstable Companions (You found it in a labyrinth)
 13889 | D:13     | Received a gift from Okawaru
 13972 | D:13     | Noticed Erolcha
 13985 | D:13     | Killed Erolcha
 14320 | Lair:1   | Noticed Erica
 14335 | Lair:1   | Killed Erica
 14597 | Lair:1   | Reached skill level 15 in Unarmed Combat
 15072 | Orc:2    | Found Zigenah's Distillery.
 15072 | Orc:2    | Found Ruobaro's Magic Scroll Emporium.
 15402 | Orc:2    | Killed a stone giant
 15526 | Orc:2    | Found Vularoff's Magic Scroll Shoppe.
 15529 | Orc:2    | Found Nimias's Distillery.
 15550 | Orc:2    | Bought a scroll of blinking for 120 gold pieces
 15685 | Orc:2    | Found Kuasior's General Store.
 16176 | Orc:2    | Bought a potion of curing for 48 gold pieces
 16176 | Orc:2    | Bought a potion of heal wounds for 80 gold pieces
 16177 | Orc:2    | Bought a scroll of identify for 32 gold pieces
 16177 | Orc:2    | Bought a scroll of teleportation for 48 gold pieces
 16177 | Orc:2    | Bought a scroll of identify for 32 gold pieces
 16177 | Orc:2    | Bought a scroll of identify for 32 gold pieces
 16177 | Orc:2    | Bought a scroll of identify for 32 gold pieces
 16183 | Orc:2    | Bought a scroll of identify for 28 gold pieces
 16183 | Orc:2    | Bought a scroll of magic mapping for 49 gold pieces
 16183 | Orc:2    | Bought 2 scrolls of teleportation for 84 gold pieces
 16191 | Orc:2    | Gained mutation: Your spells are a little easier to cast, but a little less powerful. [potion of mutation]
 16191 | Orc:2    | Gained mutation: Your flesh is cold resistant. [potion of mutation]
 16191 | Orc:2    | Gained mutation: Your flesh is very cold resistant. [potion of mutation]
 17406 | Lair:3   | Reached XP level 15. HP: 128/148 MP: 18/18
 17477 | Lair:3   | Reached skill level 16 in Unarmed Combat
 17577 | Lair:3   | Found a hole to the Spider Nest.
 17655 | Lair:3   | Noticed Rupert
 17698 | Lair:2   | Killed Rupert
 18288 | Lair:4   | Found a staircase to the Shoals.
 18297 | Lair:4   | Received a gift from Okawaru
 18470 | Lair:4   | Reached skill level 10 in Fighting
 18651 | Lair:4   | Received a gift from Okawaru
 18864 | Lair:4   | Reached skill level 5 in Throwing
 19292 | Lair:4   | Got a shimmering robe
 19303 | Lair:4   | Identified the +1 robe of Cienuigh {rElec rF+} (You found it on level 4 of the Lair of Beasts)
 19358 | Lair:5   | Found a frozen archway.
 19386 | IceCv    | Entered an ice cave
 19686 | IceCv    | Received a gift from Okawaru
 19775 | IceCv    | Noticed a frost giant
 19878 | IceCv    | Killed a frost giant
 22549 | Lair:7   | Reached skill level 10 in Throwing
 22550 | Lair:7   | Received a gift from Okawaru
 22736 | Lair:7   | Reached XP level 16. HP: 95/158 MP: 19/19
 23736 | Lair:8   | Entered Level 8 of the Lair of Beasts
 24025 | Lair:8   | Received a gift from Okawaru
 24028 | Lair:8   | Got a brightly glowing steam dragon armour {god gift}
 24150 | Lair:7   | Identified the +5 steam dragon armour of Zeniz {rPois rN+ Str-5 Dex+2} (Okawaru gifted it to you on level 8 of the Lair of Beasts)
 24511 | Lair:8   | Found a viscous altar of Jiyva.
 24511 | Lair:8   | Found a staircase to the Slime Pits.
 25022 | Lair:8   | Reached skill level 17 in Unarmed Combat
 25193 | Lair:8   | Got a shimmering cloak
 25224 | Lair:8   | Identified the +1 cloak "Riefadiw" {rN++} (You found it on level 8 of the Lair of Beasts)
 26186 | D:14     | Noticed Frances
 26197 | D:14     | Killed Frances
 26405 | D:14     | Noticed Urug
 26413 | D:14     | Killed Urug
 26718 | D:14     | Received a gift from Okawaru
 26911 | D:14     | HP: 7/162 [salamander/spear (15)]
 26912 | D:14     | Killed from afar by a salamander stormcaller

Skill      XL: |  1  2  3  4  5  6  7  8  9 10 11 12 13 14 15 16 |
---------------+-------------------------------------------------+-----
Unarmed Combat | 1 2 3 4 6 7 9 10 13 14 15 16 17 | 17.6
Throwing       | 4 10 11 | 11.7
Dodging        | 2 3 4 5 6 7 8 |  8.8
Fighting       | 2 3 4 5 6 7 9 10 11 | 11.2
Invocations    | 1 3 4 5 6 |  6.5
Shields        | 6 |  6.6
Armour         | 3 5 |  5.6
Stealth        | |  0.4

Action                   |  1- 3 |  4- 6 |  7- 9 | 10-12 | 13-15 | 16-18 || total
-------------------------+-------+-------+-------+-------+-------+-------++-------
Melee: Unarmed           |    85 |   122 |   425 |   425 |  1280 |   529 ||  2866
       Short sword       |    10 |       |       |       |       |       ||    10
       Punch             |       |       |    10 |    27 |   150 |    74 ||   261
Throw: Large rock        |       |       |     1 |     2 |    20 |    23 ||    46
Invok: Heroism           |       |       |     5 |    11 |    16 |     7 ||    39
       Finesse           |       |       |       |       |     5 |     5 ||    10
Evoke: Wand              |       |       |     3 |     1 |     2 |       ||     6
  Use: Scroll            |       |     5 |     4 |     8 |    16 |     3 ||    36
       Potion            |       |       |     1 |     5 |     2 |     3 ||    11
 Stab: Sleeping          |       |     1 |     3 |       |     5 |     2 ||    11
       Distracted        |       |       |       |       |     2 |       ||     2
  Eat: Chunk             |     7 |    19 |    26 |    48 |   124 |    40 ||   264
       Bread ration      |     1 |       |       |       |       |       ||     1
Armor: Robe              |    39 |    42 |   105 |   115 |   384 |   207 ||   892
       Skin              |       |       |       |       |     1 |       ||     1
Dodge: Dodged            |    40 |    66 |   190 |   281 |   761 |   383 ||  1721
